 Dungeon Crawl Stone Soup version 0.29-a0-451-gfbfa42419e (webtiles) character file.

Game seed: 18433446010289740753

3095 Snarg the Martial Artist (level 9, -11/63 HPs)
             Began as an Octopode Transmuter on May 19, 2022.
             Was an Initiate of Gozag.
             Mangled by a slime creature (18 damage)
             ... on level 7 of the Dungeon on May 20, 2022.
             The game lasted 00:37:12 (8196 turns).

Snarg the Martial Artist (Octopode Transmuter)      Turns: 8196, Time: 00:37:13

Health: -11/63     AC:  2    Str: 13    XL:     9   Next: 90%
Magic:  9/12       EV: 22    Int: 21    God:    Gozag
Gold:   317        SH:  0    Dex: 18    Spells: 2/12 levels left

rFire   . . .      SeeInvis .     - Unarmed
rCold   . . .      Faith    .   (shield currently unavailable)
rNeg    . . .      Spirit   .   (helmet currently unavailable)
rPois   x          Reflect  .   E - amulet of regeneration
rElec   .          Harm     .   m - ring of willpower
rCorr   .          Rampage  .   A - +6 ring of intelligence
Will    +....                   (no ring)
Stlth   +++.......              (no ring)
HPRegen 1.00/turn               (no ring)
MPRegen 0.13/turn               (no ring)
                                (no ring)
                                (no ring)

@: spider-form, wereblooded, gold aura
A: venomous fangs, almost no armour, (amphibious), 8 rings, tiny, (camouflage
1), (gelatinous body 1), (nimble swimmer 1), (tentacles)
a: End Transformation, Renounce Religion, Potion Petition, Call Merchant, Bribe
Branch


You were on level 7 of the Dungeon.
You worshipped Gozag.
Gozag was aware of your devotion.
You were a venomous arachnid creature.
You visited 2 branches of the dungeon, and saw 10 of its levels.

You collected 510 gold pieces.
You paid 193 gold pieces to Gozag.

Inventory:

Hand Weapons
 b - a +5 hunting sling
 g - a +1 dagger of draining
Missiles
 d - 185 stones (quivered)
 y - 16 poisoned darts
Armour
 o - a +0 buckler
 x - an orb of wrath
Magical Staves
 c - a staff of poison (melded)
 l - a staff of earth
 B - a staff of conjuration
 C - a staff of fire
 F - a staff of cold
Jewellery
 m - a ring of willpower (left front leg)
 A - a +6 ring of intelligence (right front leg)
 E - an amulet of regeneration (around neck)
 G - a ring of resist corrosion
Wands
 p - a wand of paralysis (3)
 w - a wand of polymorph (6)
Scrolls
 e - a scroll of poison
 f - 2 scrolls of brand weapon
 j - 4 scrolls of teleportation
 k - a scroll of enchant weapon
 q - a scroll of enchant armour
 s - 2 scrolls of blinking
 v - a scroll of immolation
 z - a scroll of magic mapping
Potions
 a - a potion of lignification
 i - a potion of magic
 n - 2 potions of ambrosia
 r - 2 potions of attraction
 u - a potion of curing
 D - a potion of flight
 H - a potion of resistance {unknown}


   Skills:
 + Level 6.7 Fighting
 - Level 2.0 Throwing
 + Level 4.6 Dodging
 + Level 5.1 Stealth
 + Level 8.0 Unarmed Combat
 - Level 2.0 Spellcasting
 + Level 6.1 Transmutations
 - Level 2.0 Ice Magic
 - Level 2.0 Poison Magic
 + Level 0.2 Evocations


You had 2 spell levels left.
You knew the following spells:

 Your Spells              Type           Power      Damage    Failure   Level
a - Beastly Appendage     Tmut           54%        N/A       6%          1
b - Wereblood             Tmut           27%        N/A       8%          2
c - Spider Form           Tmut/Pois      19%        N/A       22%         3
d - Ice Form              Ice/Tmut       19%        N/A       50%         4

Your spell library contained the following spells:

 Spells                   Type           Power      Damage    Failure   Level
 Passwall                 Tmut/Erth      11%        N/A       17%         2
 Sandblast                Erth           4%         2d4       32%         1
 Stone Arrow              Conj/Erth      4%         3d7       63%         3
 Dispel Undead            Necr           2%         3d7       93%         4
 Death Channel            Necr           1%         N/A       100%        6
 Chain Lightning          Conj/Air       1%         3d1       100%        9
 Fire Storm               Conj/Fire      1%         7d1       100%        9
 Shatter                  Erth           1%         3d5*      100%        9
 Corpse Rot               Necr/Pois/Air  Unusable   N/A       N/A         4

Dungeon Overview and Level Annotations

Branches:
Dungeon (9/15)             Temple (1/1) D:7            Lair (0/6) D:9
    Orc: D:9-12

Altars:
Ashenzari
Cheibriados
Dithmenos
Elyvilon
Fedhas
Gozag
Kikubaaqudgha
Makhleb
Nemelex Xobeh
Okawaru
Qazlal
Ru
Sif Muna
Trog
Uskayaw
Vehumet
Xom
Zin
Beogh

Shops:
D:8 [

Annotations:
D:1 clr
D:2 clr
D:3 clr
D:4 clr
D:5 3 runed translucent doors, - ogr mage ghost, kobold brigands and crew, jimonade's ghost, novice OgWz
D:6 3 runed translucent doors, scrumboscrunkly's ghost, weakling OpDe
D:7 exclusion: wyvern
D:9 exclusion: wyvern


Innate Abilities, Weirdness & Mutations

You are a venomous arachnid creature.
You have poisonous fangs.
You are tiny and dextrous.
Your spellcasting is less reliable in this form.
Your armour is entirely melded.
You are incapable of wielding weapons or throwing items.
You cannot wear most types of armour.
((You are amphibious.))
You can wear up to eight rings at the same time.
((Your skin changes colour to match your surroundings (Stealth+).))
((Your rubbery body absorbs attacks. (AC +1, EV +1)))
((You are camouflaged when in or above water. (Stealth+)))
((You have tentacles for arms and can constrict up to eight enemies at once.))


Message History

Things that are here:
8 gold pieces; a +0 dagger; a +0 robe You bite the slime creature!
The slime creature is lightly wounded.
You hit the slime creature.
The slime creature is poisoned.
The slime creature is moderately wounded.
The slime creature hits you! The slime creature barely misses you.
You bite the slime creature!
The slime creature is heavily wounded.
The slime creature closely misses you. The slime creature barely misses you.
You completely miss the orc warrior. The slime creature misses you.
The orc warrior hits you with a +0 flail!
You bite the orc warrior!
The orc warrior is moderately wounded.
The slime creature closely misses you. The slime creature misses you.
The orc warrior completely misses you.
You hit the orc warrior but do no damage.
The orc warrior is poisoned.
The orc warrior is moderately wounded.
The slime creature barely misses you.
The slime creature completely misses you.
The orc warrior completely misses you.
You hit the orc warrior but do no damage.
The orc warrior looks as sick as possible!
The orc warrior is moderately wounded.
The slime creature hits you! The slime creature closely misses you.
The orc warrior barely misses you.
You hit the slime creature.
The slime creature is lightly wounded.
The slime creature completely misses you.
The slime creature hits you!!
* * * LOW HITPOINT WARNING * * *
You hit the slime creature.
The slime creature is poisoned.
The slime creature is lightly wounded.
The orc warrior barely misses you. The slime creature hits you!
* * * LOW HITPOINT WARNING * * *
The slime creature attacks as you move away!
The slime creature hits you!!
You die...
Your body crumbles into a pile of gold.

...### #...## ##..#
.....###..## #..#
..#..[....## #..# #
#####....[.######..### ..#
#................### #....
#.#.##.............#......
#...######....##.$......#
#...# #....####........
#..## #..s.#####.......
##.# #.JJo.........###
###.## #............##
###.#.## #............#
#......# ##.....##.....#
#....###.## #....###
#....## ....## ...##....#
.....# ##### ........#
#...(# #......######....#


You could see 2 slime creatures and an orc warrior (extremely poisoned).

Vanquished Creatures
  Pikel (D:7)
  Maggie (D:8)
  2 slime creatures (D:7)
  A water moccasin (D:7)
  A sky beast (D:7)
  A black bear (D:7)
  An ice beast (D:7)
  An ogre (D:4)
  2 centaurs (D:7)
  A phantom (D:7)
  A bullfrog (D:6)
  3 scorpions
  2 wights (D:7)
  5 killer bees (D:9)
  A howler monkey (D:9)
  A crimson imp (D:5)
  3 jellies
  3 hounds
  2 orc priests
  An iguana (D:4)
  6 orc wizards
  An adder (D:6)
  7 gnolls
  2 white imps (D:7)
  A worm (D:3)
  2 dart slugs (D:5)
  18 orcs
  8 ball pythons
  2 bats
  10 endoplasms
  4 giant cockroaches
  10 goblins
  5 hobgoblins
  4 jackals (D:5)
  10 kobolds
  4 quokkas
  4 frilled lizards
  9 rats
141 creatures vanquished.

Vanquished Creatures (collateral kills)
  A kobold brigand (D:9)
  4 kobolds (D:9)
5 creatures vanquished.

Vanquished Creatures (others)
  3 fungi (D:5)
  A plant (D:5)
4 creatures vanquished.

Grand Total: 150 creatures vanquished

Notes
Turn   | Place    | Note
-------+----------+-------------------------------------------
     0 | D:1      | Snarg the Octopode Transmuter began the quest for the Orb.
     0 | D:1      | Reached XP level 1. HP: 13/13 MP: 3/3
   382 | D:1      | Reached XP level 2. HP: 18/18 MP: 3/5
   385 | D:1      | Learned a level 2 spell: Wereblood
   699 | D:1      | Found a faded altar of an unknown god.
   988 | D:1      | Reached XP level 3. HP: 18/23 MP: 4/6
  1703 | D:2      | Reached skill level 1 in Stealth
  2236 | D:3      | Reached XP level 4. HP: 13/29 MP: 5/7
  3142 | D:4      | Noticed a scorpion
  3149 | D:4      | Reached skill level 4 in Unarmed Combat
  3245 | D:5      | Entered Level 5 of the Dungeon
  3352 | D:5      | Reached XP level 5. HP: 28/34 MP: 6/8
  3566 | D:5      | Reached skill level 1 in Throwing
  3979 | D:5      | Found a runed translucent gate.
  3979 | D:5      | Found a runed translucent gate.
  3981 | D:5      | Found a runed translucent gate.
  3981 | D:5      | Noticed jimonade's ghost (novice OgWz)
  3984 | D:5      | Noticed a kobold brigand
  4161 | D:4      | Reached XP level 6. HP: 41/41 MP: 7/9
  4808 | D:5      | Found a burning altar of Makhleb.
  4816 | D:5      | Reached XP level 7. HP: 45/46 MP: 8/10
  5064 | D:6      | Found a sparkling altar of Nemelex Xobeh.
  5121 | D:6      | Reached skill level 5 in Unarmed Combat
  5181 | D:6      | You fall into a shaft and drop 3 floors!
  5324 | D:9      | Noticed a wyvern
  5506 | D:8      | Noticed a centaur warrior
  5506 | D:8      | Found Divul's Armour Emporium.
  5669 | D:6      | Reached XP level 8. HP: 54/54 MP: 11/11
  5725 | D:6      | Found a runed translucent gate.
  5726 | D:6      | Found a runed translucent gate.
  5727 | D:6      | Found a runed translucent gate.
  5730 | D:6      | Noticed scrumboscrunkly's ghost (weakling OpDe)
  5950 | D:6      | Found an iron altar of Okawaru.
  6269 | D:7      | Reached skill level 5 in Fighting
  6476 | D:7      | Reached skill level 6 in Unarmed Combat
  6631 | D:7      | Found a staircase to the Ecumenical Temple.
  6640 | Temple   | Entered the Ecumenical Temple
  6879 | Temple   | Became a worshipper of Gozag Ym Sagoz the Greedy
  6935 | D:7      | Reached skill level 5 in Transmutations
  7008 | D:7      | Noticed Pikel
  7333 | D:7      | Noticed a wyvern
  7432 | D:7      | Reached XP level 9. HP: 46/62 MP: 10/12
  7470 | D:7      | HP: 2/62 [slime creature (9)]
  7614 | D:8      | Noticed Maggie
  7620 | D:8      | Killed Maggie
  7621 | D:8      | Reached skill level 7 in Unarmed Combat
  7653 | D:7      | Learned a level 3 spell: Spider Form
  7658 | D:7      | Learned a level 4 spell: Ice Form
  7807 | D:7      | Killed Pikel
  7808 | D:7      | Reached skill level 1 in Ice Magic
  7808 | D:7      | Reached skill level 1 in Poison Magic
  7945 | D:8      | Reached skill level 5 in Stealth
  8110 | D:7      | Reached skill level 8 in Unarmed Combat
  8196 | D:7      | Mangled by a slime creature

Illustrated notes

Levels and vault maps discovered:
D:1:      mushboom_english_gardens, layout_basic,
          hellmonk_ecumenical_altar_inner_sanctum
D:2:      layout_loops_cross, corexii_hall_statues_x, minmay_indecisive_spiral
D:3:      layout_rooms
D:4:      layout_rooms, st_stairs_11, kennysheep_generic_room_15
D:5:      layout_loops_ring, makhleb_grotto_becter,
          gammafunk_ghost_nasty_kobolds
D:6:      layout_loops_ring, kennysheep_okawaru_gauntlet,
          nemelex_diamond_rough_becter, biasface_ghost_orc_armoury
D:7:      layout_layer_cave, minmay_temple_entry_statues_fountains, st_stairs_4,
          grunt_tough_drop, uniq_pikel
D:8:      layout_cave_pools, serial_shops, nicolae_shop_statue_plus,
          minmay_bent, uniq_prince_ribbit1, uniq_maggie
D:9:      layout_roguey, beargit_hepliaklqana_dungeon_heroes,
          grunt_lair_entry_orc_guard_hut, uniq_psyche
Temple:   regret_index_temple_generic_petals

Skill      XL: |  1  2  3  4  5  6  7  8  9 |
---------------+----------------------------+-----
Stealth        | 1 2 3 4 5 |  5.1
Fighting       | 2 3 4 5 6 |  6.7
Unarmed Combat | 4 5 6 8 |  8.0
Transmutations | 3 4 5 6 |  6.1
Throwing       | 1 2 |  2.0
Dodging        | 3 4 |  4.6
Ice Magic      | 2 |  2.0
Poison Magic   | 2 |  2.0
Spellcasting   | |  2.0
Evocations     | |  0.2

Action                   |  1- 3 |  4- 6 |  7- 9 || total
-------------------------+-------+-------+-------++-------
Melee: Unarmed           |    84 |    66 |   145 ||   295
       Constrict         |    20 |    17 |    25 ||    62
       Kick              |    17 |    18 |    37 ||    72
       Tentacles         |    11 |    10 |    33 ||    54
       Punch             |     1 |     2 |     8 ||    11
       Staff             |       |       |    13 ||    13
 Fire: Hunting sling     |     9 |    27 |    57 ||    93
Throw: Stone             |    43 |    28 |    15 ||    86
       Dart              |       |     5 |    23 ||    28
 Cast: Beastly Appendage |    28 |    14 |    24 ||    66
       Wereblood         |     3 |     7 |    10 ||    20
       Spider Form       |       |       |     3 ||     3
Evoke: Wand              |       |       |     2 ||     2
  Use: Scroll            |     5 |     5 |    14 ||    24
       Potion            |       |       |     4 ||     4
 Stab: Sleeping          |     6 |       |     1 ||     7
       Distracted        |     1 |       |     1 ||     2
Armor: Skin              |     6 |     1 |     6 ||    13
Dodge: Dodged            |    39 |    30 |   132 ||   201

Table legend: (Time is in decaauts)
 A = Elapsed time spent in this place.
 B = Non-inter-level travel time spent in this place.
 C = Inter-level travel time spent in this place.
 D = Time resting spent in this place.
 E = Time spent auto-exploring this place.
 F = Levels seen in this place.
 G = Mean time per level.
                   A        B        C        D        E       F      G
               +--------+--------+--------+--------+--------+-----+--------+
         Total |   8193 |   7799 |    394 |    734 |   4904 |  10 |  819.3 |
       Dungeon |   7914 |   7572 |    342 |    719 |   4703 |   9 |  879.3 |
        Temple |    279 |    227 |     52 |     15 |    201 |   1 |  279.0 |
               +--------+--------+--------+--------+--------+-----+--------+

Top non-repeatable levels by time:
     D:7: 1681 daAuts
     D:5: 1193 daAuts
     D:1: 1161 daAuts
     D:4: 1087 daAuts
     D:6: 844 daAuts
     D:2: 780 daAuts
     D:3: 754 daAuts
     D:9: 326 daAuts
  Temple: 279 daAuts
     D:8: 84 daAuts
